 Dungeon Crawl Stone Soup version 0.31-a0-145-g046c7d2549 (webtiles) character file.

Game seed: 11467235670115401918

725 IndexError the Skirmisher (level 7, -20/56 HPs)
             Began as a Gnoll Hunter on June 7, 2023.
             Demolished by a two-headed ogre
             ... wielding a +0 giant spiked club
              (24 damage)
             ... on level 5 of the Dungeon.
             The game lasted 00:06:15 (4998 turns).

IndexError the Skirmisher (Gnoll Hunter)            Turns: 4998, Time: 00:06:16

Health: -20/56     AC:  9    Str: 10    XL:     7   Next: 71%
Magic:  11/11      EV: 14    Int:  8    God:
Gold:   213        SH:  0    Dex: 18    Spells: 11/11 levels left

rFire   + . .        a - +0 shortbow
rCold   . . .        (shield currently unavailable)
rNeg    . . .        c - +0 leather armour
rPois   .            f - +0 helmet
rElec   .            r - +0 cloak
rCorr   .            C - +2 pair of gloves
SInv    .            p - +0 pair of boots
Will    .....        g - amulet of the acrobat
Stlth   ++           i - ring of protection from fire {rF+, !d}
HPRegen 0.29/turn    (no ring)
MPRegen 0.12/turn

%: acrobat
@: no status effects
A: fangs 1, strong nose, distributed training
a: no special abilities


You were on level 5 of the Dungeon.
You visited 1 branch of the dungeon, and saw 5 of its levels.

You collected 213 gold pieces.

Inventory:

Hand Weapons
 a - a +0 shortbow (weapon)
 b - the +6 flail "Yghedoes" {drain, rC+ rN++ Int-5}
   (You found it on level 3 of the Dungeon)

   Int:       It affects your intelligence (-5).
   rC:        It protects you from cold.
   rN:        It greatly protects you from negative energy.
Armour
 c - a +0 leather armour (worn)
 f - a +0 helmet (worn)
   (You found it on level 1 of the Dungeon)
 p - a +0 pair of boots (worn)
   (You found it on level 2 of the Dungeon)
 r - a +0 cloak (worn)
   (You took it off Crazy Yiuf on level 2 of the Dungeon)
 B - +0 storm dragon scales
   (You found it on level 4 of the Dungeon)
 C - a +2 pair of gloves (worn)
   (You found it on level 5 of the Dungeon)
Magical Staves
 A - the staff of air "Roame" {rElec Will+ SInv, rElec}
   (You found it on level 4 of the Dungeon)

   [staff of air]

   Base accuracy: +5 Base damage: 5 Base attack delay: 1.2 This weapon's minimum
   attack delay (0.6) is reached at skill level 12.
   rElec:     It insulates you from electricity.
   SInv:      It lets you see invisible.
   Will:      It increases your willpower.
   It falls into the 'Staves' category.
   It is a one-handed weapon.
Jewellery
 g - an amulet of the acrobat (around neck)
   (You found it on level 1 of the Dungeon)
 i - a ring of protection from fire (left hand) {rF+, !d}
   (You found it on level 1 of the Dungeon)
Wands
 q - a wand of charming (9)
   (You found it on level 2 of the Dungeon)
Scrolls
 d - a scroll of poison {unknown}
 e - 2 scrolls of blinking {unknown}
 j - a scroll of immolation {unknown}
 k - 4 scrolls of identify {unknown}
 l - 2 scrolls of summoning {unknown}
 m - 4 scrolls of teleportation {unknown}
 o - a scroll of magic mapping {unknown}
 t - a scroll of silence {unknown}
 u - a scroll of butterflies
 y - a scroll of fear {unknown}
 z - a scroll of fog {unknown}
Potions
 h - a potion of curing {unknown}
 n - 2 potions of haste {unknown}
 s - a potion of lignification {unknown}
 v - a potion of magic {unknown}
 x - a potion of mutation {unknown}


   Skills:
 + Level 5.4 Fighting
 + Level 2.7 Short Blades
 + Level 2.7 Long Blades
 + Level 2.7 Axes
 + Level 2.7 Maces & Flails
 + Level 2.7 Polearms
 + Level 2.7 Staves
 + Level 9.0 Ranged Weapons
 + Level 2.7 Throwing
 + Level 2.7 Armour
 + Level 5.4 Dodging
 + Level 3.7 Stealth
 + Level 2.7 Shields
 + Level 2.7 Unarmed Combat
 + Level 2.7 Spellcasting
 + Level 2.2 Conjurations
 + Level 2.2 Hexes
 + Level 2.2 Summonings
 + Level 2.2 Necromancy
 + Level 2.2 Translocations
 + Level 2.2 Transmutations
 + Level 2.2 Fire Magic
 + Level 2.2 Ice Magic
 + Level 2.2 Air Magic
 + Level 2.2 Earth Magic
 + Level 2.2 Poison Magic
 + Level 3.0 Invocations
 + Level 2.7 Evocations


You had 11 spell levels left.
You didn't know any spells.
Your spell library contained the following spells:

 Spells                   Type           Power      Damage    Failure   Level
 Kiss of Death            Conj/Necr      16%        2d6       17%         1
 Confusing Touch          Hex            4%         N/A       45%         3
 Dispel Undead            Necr           4%         3d7       86%         4


Dungeon Overview and Level Annotations

Branches:
Dungeon (5/15)
 Temple: D:4-7

Altars:


Innate Abilities, Weirdness & Mutations

You have very sharp teeth.
Your uncanny sense of smell can sniff out nearby items.
Your experience applies equally to all skills.


Message History

Health restored: 54; MP restored: 11 You shoot an arrow.
The arrow hits the scorpion but does no damage.
You shoot an arrow. The arrow barely misses the scorpion.
You shoot an arrow. The arrow closely misses the scorpion.
The scorpion stings you but does no damage.
You shoot an arrow. The arrow hits the scorpion!
The scorpion completely misses you.
The scorpion stings you but does no damage.
You shoot an arrow. The arrow closely misses the scorpion.
The scorpion misses you.
You shoot an arrow. The arrow barely misses the scorpion.
The scorpion stings you.
You take 1 damage, and have 53/54 hp.
You shoot an arrow.
The arrow hits the scorpion but does no damage.
The scorpion misses you.
You shoot an arrow. The arrow closely misses the scorpion.
The scorpion closely misses you.
You shoot an arrow. The arrow hits the scorpion!
Your life force feels restored.
No target in view!
No target in view!
You start removing your armour.
You continue taking off your +0 pair of gloves. x4
You finish taking off your +0 pair of gloves.
You start putting on your armour.
You continue putting on your +2 pair of gloves. x5
You finish putting on your +2 pair of gloves.
Health restored: 56 You drop a +0 pair of gloves. 2 orcs come into view.
You shoot an arrow. The arrow barely misses the orc.
You shoot an arrow. The arrow hits the orc!
You shoot an arrow.
The arrow hits the orc but does no damage.
You shoot an arrow. The arrow hits the orc.
You shoot an arrow. The arrow hits the orc.
You shoot an arrow. The arrow hits the orc.
You shoot an arrow. The arrow closely misses the orc.
You shoot an arrow. The arrow closely misses the orc.
You shoot an arrow. The arrow hits the orc.
No target in view!
No target in view!
No target in view!
You see here a +0 hand axe.
Things that are here:
a +0 dagger; a +0 chain mail; an orc corpse
Things that are here:
a +0 hand axe; a +0 leather armour; an orc corpse You shoot an arrow.
The arrow hits the two-headed ogre.
The two-headed ogre shouts in stereo!
You shoot an arrow.
The arrow completely misses the two-headed ogre.
You shoot an arrow. The arrow hits the two-headed ogre!
You shoot an arrow. The arrow hits the two-headed ogre!
You shoot an arrow.
The arrow hits the two-headed ogre but does no damage.
You shoot an arrow. The arrow hits the two-headed ogre.
You shoot an arrow. The arrow hits the two-headed ogre.
The two-headed ogre hits you with a +0 giant spiked club!!
The two-headed ogre barely misses you.
You take 22 damage, and have 34/56 hp.
MASSIVE DAMAGE!!
You shoot an arrow.
The arrow hits the two-headed ogre but does no damage.
The two-headed ogre closely misses you. x2
You shoot an arrow. The arrow hits the two-headed ogre!
You shoot an arrow.
The arrow hits the two-headed ogre but does no damage.
The two-headed ogre hits you with a +0 giant spiked club!!
* * * LOW HITPOINT WARNING * * *
The two-headed ogre closely misses you.
You take 20 damage, and have 15/56 hp.
MASSIVE DAMAGE!!
You are too injured to fight recklessly!
You are too injured to fight recklessly!
Fire: a) +0 shortbow
Press: ? - help, Q - select action, (/) - cycle Shift-Dir - straight line, f/p - two-headed ogre
Aim: a two-headed ogre, wielding a +0 giant spiked club and a +0 giant club (severely wounded, 79% to hit)
You shoot an arrow. The arrow hits the two-headed ogre.
The two-headed ogre closely misses you. x2
Fire: a) +0 shortbow
Press: ? - help, Q - select action, (/) - cycle Shift-Dir - straight line, f/p - two-headed ogre
Aim: a two-headed ogre, wielding a +0 giant spiked club and a +0 giant club (severely wounded, 79% to hit)
You shoot an arrow.
The arrow hits the two-headed ogre but does no damage.
Fire: a) +0 shortbow
Press: ? - help, Q - select action, (/) - cycle Shift-Dir - straight line, f/p - two-headed ogre
Aim: a two-headed ogre, wielding a +0 giant spiked club and a +0 giant club (severely wounded, 79% to hit)
You shoot an arrow. The arrow hits the two-headed ogre.
The two-headed ogre hits you with a +0 giant spiked club!
* * * LOW HITPOINT WARNING * * *
The two-headed ogre closely misses you.
You take 12 damage, and have 4/56 hp.
MASSIVE DAMAGE!!
Fire: a) +0 shortbow
Press: ? - help, Q - select action, (/) - cycle Shift-Dir - straight line, f/p - two-headed ogre
Aim: a two-headed ogre, wielding a +0 giant spiked club and a +0 giant club (almost dead, 79% to hit)
You shoot an arrow. The arrow hits the two-headed ogre.
The two-headed ogre closely misses you.
The two-headed ogre hits you with a +0 giant club!!
You die...

. ..... ∆∆ ## .....
####. ....... ##....
# #.....# #####..##.
###. ##.....##
#####)....###.
...##.......#
##.).).#####.[.
#..#.......###..#####
#.## #........O@...##
#.# #?...)...######
#.# #.<...# ##.#
#..##...# #..# ##
##...... ##.###
..#... ###..#.. ## ..
#......# . #..<..##
#.....#


You could see a two-headed ogre.

Vanquished Creatures
  A black bear (D:4)
  A phantom (D:4)
  2 scorpions
  3 wights (D:4)
  A jelly (D:5)
  Crazy Yiuf (D:2)
  A hound (D:4)
  Jessica (D:2)
  A sleepcap (D:4)
  2 orc wizards (D:4)
  A worm (D:2)
  2 dart slugs
  5 orcs
  5 ball pythons
  7 bats
  7 endoplasms
  5 giant cockroaches
  7 goblins
  8 hobgoblins
  3 jackals (D:1)
  4 kobolds
  3 quokkas
  4 frilled lizards
  4 rats
79 creatures vanquished.

Notes
Turn   | Place    | Note
-------+----------+-------------------------------------------
     0 | D:1      | IndexError the Gnoll Hunter began the quest for the Orb.
     0 | D:1      | Reached XP level 1. HP: 20/20 MP: 1/1
   146 | D:1      | Reached XP level 2. HP: 26/26 MP: 2/2
   866 | D:2      | Reached XP level 3. HP: 31/31 MP: 3/3
  1168 | D:2      | Reached skill level 1 in Invocations
  1271 | D:2      | Noticed Jessica
  1272 | D:2      | Killed Jessica
  1273 | D:2      | Reached skill level 1 in Short Blades
  1273 | D:2      | Reached skill level 1 in Long Blades
  1273 | D:2      | Reached skill level 1 in Axes
  1273 | D:2      | Reached skill level 1 in Maces & Flails
  1273 | D:2      | Reached skill level 1 in Polearms
  1273 | D:2      | Reached skill level 1 in Staves
  1273 | D:2      | Reached skill level 1 in Throwing
  1273 | D:2      | Reached skill level 1 in Armour
  1273 | D:2      | Reached skill level 1 in Shields
  1273 | D:2      | Reached skill level 1 in Unarmed Combat
  1273 | D:2      | Reached skill level 1 in Spellcasting
  1273 | D:2      | Reached skill level 1 in Evocations
  1273 | D:2      | Reached XP level 4. HP: 38/38 MP: 5/5
  1345 | D:2      | Found a runed translucent door.
  1346 | D:2      | Noticed Crazy Yiuf
  1571 | D:2      | HP: 8/38 [Crazy Yiuf/+4 quarterstaff of chaos (2)]
  1572 | D:2      | Killed Crazy Yiuf
  1573 | D:2      | Reached skill level 1 in Conjurations
  1573 | D:2      | Reached skill level 1 in Hexes
  1573 | D:2      | Reached skill level 1 in Summonings
  1573 | D:2      | Reached skill level 1 in Necromancy
  1573 | D:2      | Reached skill level 1 in Translocations
  1573 | D:2      | Reached skill level 1 in Transmutations
  1573 | D:2      | Reached skill level 1 in Fire Magic
  1573 | D:2      | Reached skill level 1 in Ice Magic
  1573 | D:2      | Reached skill level 1 in Air Magic
  1573 | D:2      | Reached skill level 1 in Earth Magic
  1573 | D:2      | Reached skill level 1 in Poison Magic
  1851 | D:3      | Identified the +6 flail "Yghedoes" {drain, rC+ rN++ Int-5}
  2367 | D:3      | Reached XP level 5. HP: 43/43 MP: 7/7
  3095 | D:4      | Noticed a black bear
  3113 | D:4      | Killed a black bear
  3114 | D:4      | Reached skill level 5 in Fighting
  3114 | D:4      | Reached skill level 2 in Short Blades
  3114 | D:4      | Reached skill level 2 in Long Blades
  3114 | D:4      | Reached skill level 2 in Axes
  3114 | D:4      | Reached skill level 2 in Maces & Flails
  3114 | D:4      | Reached skill level 2 in Polearms
  3114 | D:4      | Reached skill level 2 in Staves
  3114 | D:4      | Reached skill level 2 in Throwing
  3114 | D:4      | Reached skill level 2 in Armour
  3114 | D:4      | Reached skill level 5 in Dodging
  3114 | D:4      | Reached skill level 3 in Stealth
  3114 | D:4      | Reached skill level 2 in Shields
  3114 | D:4      | Reached skill level 2 in Unarmed Combat
  3114 | D:4      | Reached skill level 2 in Spellcasting
  3114 | D:4      | Reached skill level 2 in Invocations
  3114 | D:4      | Reached skill level 2 in Evocations
  3114 | D:4      | Reached XP level 6. HP: 47/51 MP: 7/9
  3601 | D:4      | Reached XP level 7. HP: 26/56 MP: 10/10
  3705 | D:4      | Identified the staff of air "Roame" {rElec Will+ SInv}
  3755 | D:4      | HP: 12/56 [sleepcap (13)]
  4139 | D:5      | Entered Level 5 of the Dungeon
  4415 | D:4      | Reached skill level 2 in Conjurations
  4415 | D:4      | Reached skill level 2 in Hexes
  4415 | D:4      | Reached skill level 2 in Summonings
  4415 | D:4      | Reached skill level 2 in Necromancy
  4415 | D:4      | Reached skill level 2 in Translocations
  4415 | D:4      | Reached skill level 2 in Transmutations
  4415 | D:4      | Reached skill level 2 in Fire Magic
  4415 | D:4      | Reached skill level 2 in Ice Magic
  4415 | D:4      | Reached skill level 2 in Air Magic
  4415 | D:4      | Reached skill level 2 in Earth Magic
  4415 | D:4      | Reached skill level 2 in Poison Magic
  4544 | D:5      | Noticed a two-headed ogre
  4570 | D:4      | HP: 12/49 [wight/+4 battleaxe of freezing (5)]
  4686 | D:4      | Reached skill level 9 in Ranged Weapons
  4881 | D:5      | Reached skill level 3 in Invocations
  4997 | D:5      | HP: 4/56 [two-headed ogre/+0 giant spiked club (12)]
  4998 | D:5      | Demolished by a two-headed ogre

Illustrated notes

Levels and vault maps discovered:
D:1:      nicolae_arrival_somewhat_less_tricky_arrival, layout_basic,
          minmay_tromino_i2
D:2:      layout_basic, chequers_serial_rivers_micro_e, uniq_jessica,
          uniq_crazy_yiuf_cottage
D:3:      layout_basic, serial_co_window_serial, co_window_corner_a,
          co_window_corner_a, co_window_corner_a, co_window_corner_a,
          co_window_corner_a, co_window_corner_cb, co_window_corner_b,
          co_window_2corner, co_window_corner_b, co_window_of_opportunity_b,
          co_window_broadway_c, co_window_paths_d, glass_columns_b,
          glass_columns_a, glass_columns_c, glass_columns_c, glass_columns_b,
          serial_bayou_ford_a, chequers_serial_rivers_micro_d
D:4:      black_bear_nest_2, layout_basic, dk_noncrumbling_4, minmay_box_of_dots
D:5:      layout_rooms, uniq_edmund

Skill      XL: |  1  2  3  4  5  6  7 |
---------------+----------------------+-----
Invocations    | 1 2 3 |  3.0
Short Blades   | 1 2 |  2.7
Long Blades    | 1 2 |  2.7
Axes           | 1 2 |  2.7
Maces & Flails | 1 2 |  2.7
Polearms       | 1 2 |  2.7
Staves         | 1 2 |  2.7
Throwing       | 1 2 |  2.7
Armour         | 1 2 |  2.7
Shields        | 1 2 |  2.7
Unarmed Combat | 1 2 |  2.7
Spellcasting   | 1 2 |  2.7
Evocations     | 1 2 |  2.7
Conjurations   | 1 2 |  2.2
Hexes          | 1 2 |  2.2
Summonings     | 1 2 |  2.2
Necromancy     | 1 2 |  2.2
Translocations | 1 2 |  2.2
Transmutations | 1 2 |  2.2
Fire Magic     | 1 2 |  2.2
Ice Magic      | 1 2 |  2.2
Air Magic      | 1 2 |  2.2
Earth Magic    | 1 2 |  2.2
Poison Magic   | 1 2 |  2.2
Fighting       | 5 |  5.4
Dodging        | 5 |  5.4
Stealth        | 3 |  3.7
Ranged Weapons | 9 |  9.0

Action                     |  1- 3 |  4- 6 |  7- 9 || total
---------------------------+-------+-------+-------++-------
  Melee: Shortbow          |       |     3 |       ||     3
   Fire: Shortbow          |    73 |   145 |    89 ||   307
 Armour: Leather armour    |     8 |    17 |    10 ||    35
  Dodge: Dodged            |    10 |    65 |    35 ||   110

Table legend: (Time is in decaauts)
 A = Elapsed time spent in this place.
 B = Non-inter-level travel time spent in this place.
 C = Inter-level travel time spent in this place.
 D = Time resting spent in this place.
 E = Time spent auto-exploring this place.
 F = Levels seen in this place.
 G = Mean time per level.
                   A        B        C        D        E       F      G
               +--------+--------+--------+--------+--------+-----+--------+
         Total |   5020 |   4443 |    577 |      0 |   3843 |   5 | 1004.0 |
       Dungeon |   5020 |   4443 |    577 |      0 |   3843 |   5 | 1004.0 |
               +--------+--------+--------+--------+--------+-----+--------+

Top non-repeatable levels by time:
     D:4: 1817 daAuts
     D:3: 1252 daAuts
     D:1: 924 daAuts
     D:2: 895 daAuts
     D:5: 130 daAuts

Levels and vault maps discovered:
D:1:      nicolae_arrival_somewhat_less_tricky_arrival, layout_basic,
          minmay_tromino_i2
D:2:      layout_basic, chequers_serial_rivers_micro_e, uniq_jessica,
          uniq_crazy_yiuf_cottage
D:3:      layout_basic, serial_co_window_serial, co_window_corner_a,
          co_window_corner_a, co_window_corner_a, co_window_corner_a,
          co_window_corner_a, co_window_corner_cb, co_window_corner_b,
          co_window_2corner, co_window_corner_b, co_window_of_opportunity_b,
          co_window_broadway_c, co_window_paths_d, glass_columns_b,
          glass_columns_a, glass_columns_c, glass_columns_c, glass_columns_b,
          serial_bayou_ford_a, chequers_serial_rivers_micro_d
D:4:      black_bear_nest_2, layout_basic, dk_noncrumbling_4, minmay_box_of_dots
D:5:      layout_rooms, uniq_edmund

Table legend: (Time is in decaauts)
 A = Elapsed time spent in this place.
 B = Non-inter-level travel time spent in this place.
 C = Inter-level travel time spent in this place.
 D = Time resting spent in this place.
 E = Time spent auto-exploring this place.
 F = Levels seen in this place.
 G = Mean time per level.
                   A        B        C        D        E       F      G
               +--------+--------+--------+--------+--------+-----+--------+
         Total |   5020 |   4443 |    577 |      0 |   3843 |   5 | 1004.0 |
       Dungeon |   5020 |   4443 |    577 |      0 |   3843 |   5 | 1004.0 |
               +--------+--------+--------+--------+--------+-----+--------+

Top non-repeatable levels by time:
     D:4: 1817 daAuts
     D:3: 1252 daAuts
     D:1: 924 daAuts
     D:2: 895 daAuts
     D:5: 130 daAuts

Table legend:
 A = Kills in this place as a percentage of kills in the entire game.
 B = Kills by you in this place as a percentage of kills by you in the entire game.
 C = Kills by friends in this place as a percentage of kills by friends in the entire game.
 D = Other kills in this place as a percentage of other kills in the entire game.
 E = Experience gained in this place as a percentage of experience gained in the entire game.
 F = Experience gained in this place divided by the number of levels of this place that you have seen.
                   A       B       C       D       E      F
               +-------+-------+-------+-------+-------+----------------------
         Total | 100.0 | 100.0 |   N/A |   N/A | 100.0 | 207.2
       Dungeon | 100.0 | 100.0 |   N/A |   N/A | 100.0 | 207.2
               +-------+-------+-------+-------+-------+----------------------
